 Dungeon Crawl Stone Soup version 0.30.0-29-ga12c61a403 (webtiles) character file.

Game seed: 8475816673896399444

232 cdecastro the Shooter (level 5, -3/46 HPs)
             Began as a Minotaur Hunter on June 19, 2023.
             Succumbed to an orc's poison
             ... on level 3 of the Dungeon.
             The game lasted 00:05:47 (2692 turns).

cdecastro the Shooter (Minotaur Hunter)             Turns: 2692, Time: 00:05:48

Health: -3/46      AC:  9    Str: 17    XL:     5   Next: 73%
Magic:  4/4        EV: 10    Int:  6    God:
Gold:   133        SH:  0    Dex: 14    Spells: 4/4 levels left

rFire   . . .        a - +0 shortbow
rCold   . . .        (shield currently unavailable)
rNeg    . . .        t - +0 scale mail
rPois   .            (helmet restricted)
rElec   .            e - +0 cloak
rCorr   .            (no gloves)
SInv    .            n - +0 pair of boots
Will    .....        (no amulet) Stlth
                     s - ring of wizardry
HPRegen 0.27/turn    (no ring)
MPRegen 0.09/turn

%: wizardry (x1)
@: lethally poisoned (-3 -> -25)
A: horns 2, retaliatory headbutt
a: no special abilities


You were on level 3 of the Dungeon.
You visited 1 branch of the dungeon, and saw 4 of its levels.

You collected 133 gold pieces.

Inventory:

Hand Weapons
 a - a +0 shortbow (weapon)
Armour
 e - a +0 cloak (worn)
 n - a +0 pair of boots (worn)
 t - a +0 scale mail (worn)
 x - a +0 chain mail
Jewellery
 s - a ring of wizardry (left hand)
Scrolls
 b - 3 scrolls of immolation
 d - a scroll of amnesia {unknown}
 h - a scroll of acquirement {unknown}
 i - 5 scrolls of identify {unknown}
 j - a scroll of poison {unknown}
 l - 2 scrolls of teleportation {unknown}
 m - a scroll of fear {unknown}
 o - a scroll of vulnerability {unknown}
 w - 4 scrolls of enchant armour {unknown}
Potions
 c - a potion of invisibility {unknown}
 f - 2 potions of resistance {unknown}
 g - a potion of degeneration {unknown}
 k - a potion of attraction {unknown}
 p - 2 potions of cancellation {unknown}
 r - a potion of might {unknown}
 u - a potion of berserk rage {unknown}
 v - a potion of heal wounds {unknown}


   Skills:
 - Level 4.1 Fighting
 + Level 6.3 Ranged Weapons
 + Level 3.2 Armour
 - Level 2.1 Dodging
 - Level 0.7 Stealth


You had 4 spell levels left.
You didn't know any spells.
Your spell library contained the following spells:

 Spells                   Type           Power      Damage    Failure   Level
 Frozen Ramparts          Ice            0%         1d1       86%         3
 Ice Form                 Ice/Tmut       0%         N/A       99%         4
 Summon Ice Beast         Ice/Summ       0%         N/A       99%         4


Dungeon Overview and Level Annotations

Branches:
Dungeon (4/15)
 Temple: D:4-7

Altars:

Annotations:
D:4 Grinder


Innate Abilities, Weirdness & Mutations

You have a pair of horns on your head.
You reflexively headbutt those who attack you in melee.


Message History

The iguana bites you!
The orc hits you with a +2 dagger of venom.
You climb upwards.
Reactivating autopickup.
You feel very sick.
There is a stone staircase leading down here.
Unknown command.
Unknown command.
Fire: a) +0 shortbow
Press: ? - help, Q - select action Shift-Dir - straight line, f - orc
Aim: an orc, wielding a +2 dagger of venom and wearing a +0 ring mail (68% to hit)
You shoot an arrow. The arrow closely misses the orc.
You feel sick. The jackal barely misses you. The iguana bites you.
* * * LOW HITPOINT WARNING * * *
The orc hits you with a +2 dagger of venom.
* * * LOW HITPOINT WARNING * * *
You are more poisoned.
The jackal bites you.
* * * LOW HITPOINT WARNING * * *
Fire: a) +0 shortbow
Press: ? - help, Q - select action Shift-Dir - straight line, f/p - orc
Aim: an orc, wielding a +2 dagger of venom and wearing a +0 ring mail (68% to hit)
You shoot an arrow. The arrow hits the orc.
The orc is severely wounded.
* * * LOW HITPOINT WARNING * * *
You feel very sick.
The jackal bites you but does no damage.
The iguana bites you!
* * * LOW HITPOINT WARNING * * *
The orc hits you but does no damage.
You are more poisoned.
The jackal barely misses you. The iguana barely misses you.
You furiously retaliate!
You headbutt the iguana! The orc closely misses you.
Unknown command.
Fire: a) +0 shortbow
Press: ? - help, Q - select action Shift-Dir - straight line, f/p - orc
Aim: an orc, wielding a +2 dagger of venom and wearing a +0 ring mail (severely wounded, 68% to hit)
You shoot an arrow.
The arrow hits the orc but does no damage.
The orc is severely wounded.
You die...

######### #.......'
###.####### ####...# #
##....### # ##..#### #
####..## #
#######h.l..#############
#.....'o@................
##.####......#######.....
#.# #......# #.+(.... #.#
######.# #.#..... #.# #.#
#.#..... #.# #.# #.#.####
#.# #.# #..<.... #.#
#.############ #.#
####............'


You could see an iguana, an orc and a jackal.

Vanquished Creatures
  An orc priest (D:3)
  A hound (D:3)
  Robin (D:3)
  6 adders
  3 gnolls (D:2)
  2 river rats (D:3)
  An ufetubus (D:4)
  A worm (D:3)
  2 orcs (D:3)
  2 endoplasms (D:1)
  3 giant cockroaches (D:1)
  3 hobgoblins
  3 jackals (D:3)
  A quokka (D:3)
  4 ball pythons
  2 bats
  2 frilled lizards
  15 goblins
  3 kobolds
  4 rats
60 creatures vanquished.

Notes
Turn   | Place    | Note
-------+----------+-------------------------------------------
     0 | D:1      | cdecastro the Minotaur Hunter began the quest for the Orb.
     0 | D:1      | Reached XP level 1. HP: 18/18 MP: 0/0
   203 | D:1      | Reached XP level 2. HP: 26/26 MP: 1/1
   917 | D:2      | Reached skill level 5 in Ranged Weapons
   917 | D:2      | Reached XP level 3. HP: 31/31 MP: 2/2
  1297 | D:3      | Reached XP level 4. HP: 36/40 MP: 3/3
  1451 | D:3      | Reached skill level 1 in Armour
  1794 | D:3      | Noticed Robin
  1810 | D:3      | Killed Robin
  1812 | D:3      | Reached XP level 5. HP: 33/46 MP: 4/4
  1862 | D:3      | Reached skill level 6 in Ranged Weapons
  2602 | D:4      | Noticed an ogre
  2605 | D:4      | Noticed Grinder
  2692 | D:3      | Succumbed to an orc's poison

Illustrated notes

Levels and vault maps discovered:
D:1:      wander_arrival_estate, layout_basic, kennysheep_flooded_box
D:2:      cheibrodos_fertilizer, layout_basic
D:3:      layout_basic, gup_sewer_entry_spiral, uniq_robin
D:4:      minmay_general_purpose_star, layout_rooms, uniq_grinder

Skill      XL: |  1  2  3  4  5 |
---------------+----------------+-----
Fighting       | 3 4 |  4.1
Ranged Weapons | 5 6 |  6.3
Armour         | 2 3 |  3.2
Dodging        | |  2.1
Stealth        | |  0.7

Action                     |  1- 3 |  4- 6 || total
---------------------------+-------+-------++-------
   Fire: Shortbow          |    66 |   122 ||   188
 Armour: Ring mail         |     6 |       ||     6
         Scale mail        |     8 |    70 ||    78
  Dodge: Dodged            |    16 |    81 ||    97
